 Dungeon Crawl Stone Soup version 0.30-a0-760-g5a9884bb7c (webtiles) character file.

Game seed: 11564792671301983418

1276 kae the Geomancer (level 8, 0/41 HPs)
             Began as a Gargoyle Earth Elementalist on Feb 10, 2023.
             Slain by an orc
             ... wielding a +0 hand axe
              (6 damage)
             ... on level 7 of the Dungeon.
             The game lasted 00:04:46 (4931 turns).

kae the Geomancer (Gargoyle Earth Elementalist)     Turns: 4931, Time: 00:04:47

Health: 0/41       AC: 10    Str: 18    XL:     8   Next: 54%
Magic:  13/14      EV: 11    Int: 18    God:
Gold:   212        SH:  0    Dex: 10    Spells: 10/16 levels left

rFire   . . .      SeeInvis .    h - staff of earth {!a}
rCold   . . .      Faith    .    (no shield)
rNeg    + . .      Spirit   .    a - +0 robe
rPois   ∞          Reflect  .    (no helmet)
rElec   +          Harm     .    (no cloak)
rCorr   .          Rampage  .    s - +1 pair of gloves
Will    .....                    l - +0 pair of boots
Stlth   ++                       v - amulet of magic regeneration
HPRegen 0.26/turn                S - +6 ring of strength
MPRegen 0.54/turn                (no ring)

@: no status effects
A: sickness immunity, AC +5, negative energy resistance 1, electricity
resistance, torment resistance 1, petrification resistance
a: no special abilities


You were on level 7 of the Dungeon.
You visited 1 branch of the dungeon, and saw 8 of its levels.

You collected 212 gold pieces.


Innate Abilities, Weirdness & Mutations

You are immune to sickness and miasma.
Your stone body is resilient. (AC +5)
You are immune to poison.
You resist negative energy. (rN+)
You are resistant to electric shocks. (rElec)
You are resistant to unholy torment.
You are immune to petrification.


   Skills:
 - Level 1.5 Dodging
 - Level 2.1 Stealth
 + Level 4.6 Spellcasting
 * Level 6.3 Conjurations
 - Level 0.7 Transmutations
 * Level 8.7 Earth Magic


You had 10 spell levels left.
You knew the following spells:

 Your Spells              Type           Power      Damage    Failure   Level
a - Sandblast             Erth           100%       2d20      1%          1
b - Stone Arrow           Conj/Erth      94%        3d12      1%          3
c - Passwall              Tmut/Erth      25%        N/A       3%          2

Your spell library contained the following spells:

 Spells                   Type           Power      Damage    Failure   Level
 Magic Dart               Conj           100%       1d8       1%          1
 Slow                     Hex            16%        N/A       14%         1
 Mephitic Cloud           Conj/Pois/Air  11%        N/A       17%         3
 Petrify                  Tmut/Erth      31%        N/A       21%         4
 Call Imp                 Summ           4%         N/A       22%         2
 Scorch                   Fire           8%         2d5       22%         2
 Ignite Poison            Fire/Tmut/Pois 5%         N/A       36%         3
 Flame Wave               Conj/Fire      15%        2d7       36%         4
 Confusing Touch          Hex            4%         N/A       38%         3
 Kindle Blastsparks       Fire/Tloc/Air  8%         2d10      38%         3
 Vampiric Draining        Necr           4%         2d6       38%         3
 Freezing Cloud           Conj/Ice/Air   5%         6-21      85%         5
 Summon Cactus Giant      Summ           2%         N/A       100%        6

Inventory:

Hand Weapons
 f - a +0 whip of electrocution
   (You took it off a kobold on level 1 of the Dungeon)
Missiles
 d - 26 stones
 e - 10 poisoned darts
Armour
 a - a +0 robe (worn)
 l - a +0 pair of boots (worn)
   (You found it on level 2 of the Dungeon)
 s - a +1 pair of gloves (worn)
   (You found it on level 4 of the Dungeon)
Magical Staves
 h - a staff of earth (weapon) {!a}
   (You found it on level 2 of the Dungeon)
Jewellery
 p - the amulet of Vopawywn {Spirit Drain rCorr Str+3}
   (You found it on level 5 of the Dungeon)

   [amulet of guardian spirit]

   It causes incoming damage to be divided between your reserves of health and
   magic.
   Str:       It affects your strength (+3).
   rCorr:     It protects you from acid and corrosion.
   Drain:     It drains your maximum health when unequipped.
 v - an amulet of magic regeneration (around neck)
   (You found it on level 5 of the Dungeon)
 C - a ring of ice
   (You found it on level 1 of the Dungeon)
 S - a +6 ring of strength (left hand)
   (You found it on level 2 of the Dungeon)
Wands
 m - a wand of flame (21)
   (You found it on level 3 of the Dungeon)
Scrolls
 g - a scroll of teleportation {@r4}
 i - 2 scrolls of vulnerability {!r!r}
 o - a scroll of brand weapon
 w - a scroll of immolation {!r!r}
Potions
 b - 2 potions of magic
 c - a potion of flight {unknown}
 j - 4 potions of brilliance
 r - a potion of curing {unknown}
 u - a potion of attraction {!q}

Dungeon Overview and Level Annotations

Branches:
Dungeon (8/15) Zot: 26993
 Temple: D:4-7         Lair: D:8-11

Altars:
Ashenzari
Nemelex Xobeh
Okawaru
Wu Jian

Annotations:
D:4 2 transporters

..#>.$#.#
#.......#
.#....)..#
.........
#.......
##.....##
#....).o#
#....)@.#
#....o..#
##.....##
##...##
####


You could see an orc priest and an orc.


Message History

Reactivating autopickup.
You feel a bit more experienced.
The orc wizard gestures at you while chanting.
The magic dart hits you.
* * * LOW HITPOINT WARNING * * *
The orc wizard is attracted toward you. 😱 HP[-4]
You now have 40 max hp (+1).
You take 4 damage, and now have 10/40 hp.
Casting: Sandblast (safe; 1% risk of failure)
Confirm with . or Enter, or press ? or * to list all spells.
Aiming: Sandblast (safe; 1% risk of failure)
Press: ? - help, Shift-Dir - straight line, f/p - orc wizard
Aim: an orc wizard, wielding a +0 dagger and wearing a +0 robe (severely wounded, unable to see you, 82% to hit)
You feel a surge of power!
The blast of sand hits the orc wizard!!
You kill the orc wizard!
Your life force feels restored. 😱 MP[-1]
You now have 41 max hp (+1).
You lost 1 mp, and now have 11/14 mp.
Casting: Sandblast (safe; 1% risk of failure)
Confirm with . or Enter, or press ? or * to list all spells.
You can't see any susceptible monsters within range! (Use Z to cast anyway.)
Casting: Sandblast (safe; 1% risk of failure)
Confirm with . or Enter, or press ? or * to list all spells.
You can't see any susceptible monsters within range! (Use Z to cast anyway.)
Items here: ))) [[[ ††. 😨 HP[+1] 😨 MP[+1] 😨 MP[+1] 😨 HP[+1] 😨 MP[+1]
Your mp is fully restored (14). 😨 HP[+1]
Your extra speed is starting to run out. 😨 HP[+1]
You feel yourself slow down. 😨 HP[+1]
Found a stone staircase leading up.
You flicker for a moment. 😨 HP[+1]
There is a stone staircase leading up here.
You climb upwards.
You flicker back into view.
The orc priest shouts!
The orc shouts!
The orc wizard shouts!
Your magical contamination has completely faded away.
The orc wizard is attracted toward you. x2
Found a club and 15 gold pieces.
Found a stone staircase leading down.
There is a stone staircase leading down here. 😨 HP[+1]
Casting: Sandblast (safe; 1% risk of failure)
Confirm with . or Enter, or press ? or * to list all spells.
Aiming: Sandblast (safe; 1% risk of failure)
Press: ? - help, Shift-Dir - straight line, f - orc wizard
Aim: an orc wizard, wielding a +0 dagger and wearing a +0 robe (82% to hit)
You feel a surge of power!
The blast of sand hits the orc wizard!
The orc hits you but does no damage.
The orc priest hits you but does no damage.
The orc wizard hits you but does no damage.
You feel less attractive to monsters. 😨 MP[-1]
You lost 1 mp, and now have 13/14 mp.
Casting: Sandblast (safe; 1% risk of failure)
Confirm with . or Enter, or press ? or * to list all spells.
Aiming: Sandblast (safe; 1% risk of failure)
Press: ? - help, Shift-Dir - straight line, f/p - orc wizard
Aim: an orc wizard, wielding a +0 dagger and wearing a +0 robe (severely wounded, 82% to hit)
You feel a surge of power!
The blast of sand hits the orc wizard!
You kill the orc wizard!
The orc hits you with a +0 hand axe.
* * * LOW HITPOINT WARNING * * *
The orc priest hits you with a +0 club.
* * * LOW HITPOINT WARNING * * *
The orc wizard hits you but does no damage.
The orc completely misses you. The orc priest barely misses you.
The orc wizard barely misses you. 😨 HP[-4]
You take 4 damage, and now have 13/41 hp.
Casting: Sandblast (safe; 1% risk of failure)
Confirm with . or Enter, or press ? or * to list all spells.
Aiming: Sandblast (safe; 1% risk of failure)
Press: ? - help, Shift-Dir - straight line, f - orc wizard
Aim: an orc wizard, wielding a +0 dagger and wearing a +0 robe (82% to hit)
You feel a surge of power!
The blast of sand hits the orc wizard!
You kill the orc wizard!
The orc hits you with a +0 hand axe.
* * * LOW HITPOINT WARNING * * *
The orc priest hits you with a +0 club.
* * * LOW HITPOINT WARNING * * *
😱 HP[-7]
You take 7 damage, and now have 6/41 hp.
Casting: Sandblast (safe; 1% risk of failure)
Confirm with . or Enter, or press ? or * to list all spells.
Aiming: Sandblast (safe; 1% risk of failure)
Press: ? - help, Shift-Dir - straight line, f - orc priest
Aim: an orc priest, wielding a +0 club and wearing a +0 chain mail (89% to hit)
You feel a surge of power!
The blast of sand hits the orc priest but does no damage.
The orc hits you but does no damage. The orc priest closely misses you.
The orc hits you with a +0 hand axe.
You die...

Skill      XL: |  1  2  3  4  5  6  7  8 |
---------------+-------------------------+-----
Earth Magic    | 4 5 6 7 8 |  8.7
Conjurations   | 1 2 3 5 6 |  6.3
Spellcasting   | 3 4 |  4.6
Dodging        | |  1.5
Stealth        | |  2.1
Transmutations | |  0.7

Action                     |  1- 3 |  4- 6 |  7- 9 || total
---------------------------+-------+-------+-------++-------
  Melee: Unarmed           |    20 |       |       ||    20
         Whip              |     6 |     9 |     8 ||    23
         Punch             |     1 |       |       ||     1
         Staff             |       |       |     1 ||     1
   Cast: Sandblast         |    25 |    92 |    55 ||   172
    Use: Scroll            |     3 |     3 |     3 ||     9
         Potion            |       |       |     5 ||     5
 Armour: Robe              |    14 |    30 |    23 ||    67
  Dodge: Dodged            |    16 |    45 |    28 ||    89

Levels and vault maps discovered:
D:1:      sevenhm_arrival_forest_fort_small_4, layout_basic,
          minmay_tree_intersection
D:2:      layout_rooms, uniq_natasha
D:3:      layout_loops_ring, grunt_ministairs_4
D:4:      layout_rooms, nicolae_overflow_crystal_walls,
          gammafunk_ghost_gnarly_gnolls, serial_bayou_lake_a
D:5:      layout_loops_ring, mainiacjoe_overflow_surrounded_room,
          general_overflow_altar, grunt_ministairs_5, uniq_grinder
D:6:      kennysheep_windowed_halls, layout_loops_ring,
          mainiacjoe_overflow_alcove_4, nicolae_ossuary_entry_plus,
          serial_shops, shop
D:7:      layout_rooms, fedhas_altar_fruit_tree, minmay_temple_entry_trees,
          minmay_misc_feat_x
D:8:      layout_basic, amcnicky_altar_gilded

Notes
Turn   | Place    | Note
-------+----------+-------------------------------------------
     0 | D:1      | kae the Gargoyle Earth Elementalist began the quest for the
                  | Orb.
     0 | D:1      | Reached XP level 1. HP: 10/10 MP: 3/3
     0 | D:1      | magus.rc [v1.11.3]
    88 | D:1      | HP: 2/10 [kobold/+0 whip (2)]
   150 | D:1      | Reached skill level 4 in Earth Magic
   337 | D:1      | Reached XP level 2. HP: 15/15 MP: 3/5
   388 | D:1      | You pick up a book of Scorching and begin reading...
   388 | D:1      | You add the spells Scorch, Flame Wave and Summon Cactus
                  | Giant to your library.
   670 | D:2      | Noticed Natasha
   677 | D:1      | Killed Natasha
   678 | D:1      | Reached XP level 3. HP: 15/19 MP: 0/6
   682 | D:1      | Learned a level 3 spell: Stone Arrow
   685 | D:1      | Learned a level 2 spell: Passwall
   920 | D:1      | Noticed Natasha
   925 | D:1      | Killed Natasha
   926 | D:1      | Reached skill level 1 in Conjurations
   926 | D:1      | Reached skill level 5 in Earth Magic
   926 | D:1      | Reached XP level 4. HP: 16/24 MP: 3/8
  1084 | D:1      | Noticed Natasha
  1088 | D:1      | Killed Natasha
  1376 | D:2      | Reached XP level 5. HP: 25/28 MP: 2/9
  1500 | D:2      | You add the spells Kindle Blastsparks, Ignite Poison and
                  | Freezing Cloud to your library.
  1519 | D:2      | Reached skill level 2 in Conjurations
  1589 | D:2      | Reached skill level 3 in Spellcasting
  2402 | D:4      | You pick up a book of Debilitation and begin reading...
  2402 | D:4      | You add the spells Slow, Vampiric Draining and Confusing
                  | Touch to your library.
  2456 | D:4      | Reached skill level 6 in Earth Magic
  2456 | D:4      | Reached XP level 6. HP: 32/32 MP: 3/10
  2540 | D:4      | Reached skill level 3 in Conjurations
  3079 | D:4      | Found an iron altar of Okawaru.
  3150 | D:4      | You pick up a book of Minor Magic and begin reading...
  3150 | D:4      | You add the spells Magic Dart, Call Imp and Mephitic Cloud
                  | to your library.
  3213 | D:4      | Found a transporter.
  3214 | D:4      | Found a transporter.
  3372 | D:4      | Reached XP level 7. HP: 36/36 MP: 9/12
  3518 | D:5      | Entered Level 5 of the Dungeon
  3518 | D:5      | Noticed Grinder
  3523 | D:4      | Killed Grinder
  3524 | D:4      | Reached skill level 4 in Conjurations
  3524 | D:4      | Reached skill level 7 in Earth Magic
  3713 | D:5      | Reached skill level 4 in Spellcasting
  3713 | D:5      | Reached skill level 5 in Conjurations
  3748 | D:5      | Found an ornate altar of the Wu Jian Council.
  3834 | D:5      | Identified the amulet of Vopawywn {Spirit Drain rCorr
                  | Str+3}
  3885 | D:5      | Reached XP level 8. HP: 41/41 MP: 10/14
  3950 | D:5      | Reached skill level 8 in Earth Magic
  4218 | D:5      | Found a broken altar of Ashenzari.
  4819 | D:6      | You fall into a shaft and drop 2 floors!
  4847 | D:8      | Found a sparkling altar of Nemelex Xobeh.
  4892 | D:8      | Reached skill level 6 in Conjurations
  4930 | D:7      | HP: 7/41 [orc/+0 hand axe (6)]
  4931 | D:7      | Slain by an orc

Vanquished Creatures
  Grinder (D:4)
  An orc warrior (D:8)
  A bullfrog (D:5)
  4 scorpions
  3 hounds
  A jelly (D:5)
  An orc priest (D:4)
  A gnoll bouda (D:5)
  3 iguanas
  Natasha (thrice) (D:1)
  5 orc wizards
  4 gnolls (D:5)
  11 adders
  4 ufetubi
  3 dart slugs
  9 orcs
  4 bats
  5 endoplasms
  A giant cockroach (D:2)
  7 hobgoblins
  9 jackals
  A quokka (D:2)
  2 ball pythons
  3 frilled lizards (D:2)
  5 goblins
  12 kobolds
  3 rats
107 creatures vanquished.

Vanquished Creatures (others)
  12 plants (D:4)
12 creatures vanquished.

Grand Total: 119 creatures vanquished

Table legend:
 A = Non-vault XP
 B = Vault XP
 C = Vault XP percentage of total XP
 D = Non-vault monster count
 E = Vault monster count
 F = Vault count percentage of total count
                 A         B        C        D         E       F
            +---------+---------+-------+---------+---------+-------
      Total |    1378 |     446 |  24.5 |      97 |      10 |   9.3
            +---------+---------+-------+---------+---------+-------
        D:1 |      92 |      35 |  27.6 |      14 |       1 |   6.7
        D:2 |      76 |       0 |   0.0 |      18 |       0 |   0.0
        D:3 |     161 |      45 |  21.8 |      15 |       2 |  11.8
        D:4 |     209 |     258 |  55.2 |      27 |       1 |   3.6
        D:5 |     462 |     108 |  18.9 |      16 |       6 |  27.3
        D:6 |     101 |       0 |   0.0 |       2 |       0 |   0.0
        D:7 |      70 |       0 |   0.0 |       2 |       0 |   0.0
        D:8 |     207 |       0 |   0.0 |       3 |       0 |   0.0
            +---------+---------+-------+---------+---------+-------

Illustrated notes

Table legend:
 A = Kills in this place as a percentage of kills in entire the game.
 B = Kills by you in this place as a percentage of kills by you in the entire game.
 C = Kills by friends in this place as a percentage of kills by friends in the entire game.
 D = Other kills in this place as a percentage of other kills in the entire game.
 E = Experience gained in this place as a percentage of experience gained in the entire game.
 F = Experience gained in this place divided by the number of levels of this place that you have seen.
                   A       B       C       D       E      F
               +-------+-------+-------+-------+-------+----------------------
         Total | 100.0 | 100.0 |   N/A |   N/A | 100.0 | 228.0
       Dungeon | 100.0 | 100.0 |   N/A |   N/A | 100.0 | 228.0
               +-------+-------+-------+-------+-------+----------------------

Table legend: (Time is in decaauts)
 A = Elapsed time spent in this place.
 B = Non-inter-level travel time spent in this place.
 C = Inter-level travel time spent in this place.
 D = Time resting spent in this place.
 E = Time spent auto-exploring this place.
 F = Levels seen in this place.
 G = Mean time per level.
                   A        B        C        D        E       F      G
               +--------+--------+--------+--------+--------+-----+--------+
         Total |   5061 |   4974 |     87 |    257 |   3983 |   8 |  632.6 |
       Dungeon |   5061 |   4974 |     87 |    257 |   3983 |   8 |  632.6 |
               +--------+--------+--------+--------+--------+-----+--------+

Top non-repeatable levels by time:
     D:1: 1282 daAuts
     D:5: 1047 daAuts
     D:4: 968 daAuts
     D:3: 858 daAuts
     D:2: 671 daAuts
     D:6: 133 daAuts
     D:8: 95 daAuts
     D:7: 5 daAuts
